 Dungeon Crawl Stone Soup version 0.29.1-15-g9cfb28693d (webtiles) character file.

Game seed: 4022393903275107213

122 Kranky the Grappler (level 5, 0/37 HPs)
             Began as a Gnoll Wanderer on Apr 22, 2023.
             Splashed by a jelly's acid (5 damage)
             ... on level 4 of the Dungeon.
             The game lasted 00:06:03 (2926 turns).

Kranky the Grappler (Gnoll Wanderer)                Turns: 2926, Time: 00:06:04

Health: 0/37       AC:  3    Str: 14    XL:     5   Next: 6%
Magic:  7/7        EV:  9    Int:  9    God:
Gold:   149        SH:  5    Dex: 13    Spells: 6/6 levels left

rFire   . . .      SeeInvis .   h - +3 hand axe (freeze)
rCold   . . .      Faith    .   (no shield)
rNeg    . . .      Spirit   .   x - +0 scale mail
rPois   .          Reflect  +   (no helmet)
rElec   .          Harm     .   (no cloak)
rCorr   .          Rampage  .   d - +0 pair of gloves
Will    .....                   (no boots)
Stlth   +.........              t - amulet of reflection
HPRegen 0.12/turn               (no ring)
MPRegen 0.10/turn               (no ring)

@: corroded
A: fangs 1, strong nose, distributed training
a: no special abilities


You were on level 4 of the Dungeon.
You visited 1 branch of the dungeon, and saw 4 of its levels.

You collected 149 gold pieces.

Inventory:

Hand Weapons
 h - a +3 hand axe of freezing (weapon)
 j - a +2 vampiric rapier
 r - a +0 trident
Missiles
 w - 6 poisoned darts (quivered)
Armour
 d - a +0 pair of gloves (worn)
 x - a +0 scale mail (worn)
Jewellery
 f - a ring of see invisible
 t - an amulet of reflection (around neck)
Scrolls
 b - a scroll of fear
 e - 2 scrolls of teleportation
 g - a scroll of vulnerability
 i - a scroll of poison {unknown}
 l - a scroll of blinking
 m - a scroll of amnesia {unknown}
 n - a scroll of butterflies {unknown}
 o - a scroll of enchant armour {unknown}
 v - a scroll of enchant weapon
Potions
 a - a potion of brilliance
 c - a potion of might
 p - 2 potions of haste
 q - a potion of attraction
 s - a potion of invisibility
 u - a potion of magic {unknown}
 z - a potion of lignification {unknown}


   Skills:
 + Level 1.4 Fighting
 + Level 1.4 Short Blades
 + Level 1.4 Long Blades
 + Level 4.7 Axes
 + Level 1.4 Maces & Flails
 + Level 1.4 Polearms
 + Level 1.4 Staves
 + Level 1.4 Ranged Weapons
 + Level 1.4 Throwing
 + Level 2.9 Armour
 + Level 1.4 Dodging
 + Level 4.3 Stealth
 + Level 1.4 Shields
 + Level 10.5 Unarmed Combat
 + Level 1.4 Spellcasting
 + Level 1.1 Conjurations
 + Level 1.1 Hexes
 + Level 1.1 Summonings
 + Level 1.1 Necromancy
 + Level 1.1 Translocations
 + Level 1.1 Transmutations
 + Level 1.1 Fire Magic
 + Level 1.1 Ice Magic
 + Level 1.1 Air Magic
 + Level 1.1 Earth Magic
 + Level 1.1 Poison Magic
 + Level 1.5 Invocations
 + Level 1.4 Evocations


You had 6 spell levels left.
You didn't know any spells.
Your spell library contained the following spells:

 Spells                   Type           Power      Damage    Failure   Level
 Freeze                   Ice            8%         1d3       67%         1
 Ensorcelled Hibernation  Hex/Ice        4%         N/A       80%         2
 Passwall                 Tmut/Erth      1%         N/A       80%         2
 Frozen Ramparts          Ice            4%         1d1       95%         3
 Swiftness                Air            2%         N/A       95%         3
 Airstrike                Air            1%         2d(1-17)  100%        4
 Hailstorm                Conj/Ice       2%         3d3       100%        4
 Summon Lightning Spire   Summ/Air       2%         N/A       100%        4
 Lightning Bolt           Conj/Air       1%         1d12      100%        5


Dungeon Overview and Level Annotations

Branches:
Dungeon (4/15)
 Temple: D:4-7

Altars:
Sif Muna

Annotations:
D:3 1 runed translucent door, Crazy Yiuf, Sigmund


Innate Abilities, Weirdness & Mutations

You have very sharp teeth.
Your uncanny sense of smell can sniff out nearby items.
Your experience applies equally to all skills.


Message History

As you read the scroll labelled XITIAT TAUNT, it crumbles to dust.
It is a scroll of enchant weapon.
Your +2 hand axe of freezing glows red for a moment.
You start waiting.
You hear a distant slurping noise. x2
You feel your willpower return.
You hear the slow rusting of a very distant drain.
Found a stone staircase leading up.
You hear a distant slurping noise.
A kobold comes into view.
It is wielding a +0 short sword of venom.
A jelly comes into view.
The jelly quivers.
The kobold shouts!
The jelly hits you.
You are splashed with acid!
You hit the jelly. You freeze the jelly. The acid corrodes you!
Your hands burn!
The jelly is moderately wounded.
The jelly misses you.
You hit the jelly but do no damage.
Your hands burn!
The jelly is moderately wounded.
You hear the slow rusting of a distant drain.
The jelly hits you but does no damage.
You are too injured to fight recklessly!
You are too injured to fight recklessly!
You are too injured to fight recklessly!
You are too injured to fight recklessly!
You are too injured to fight recklessly!
The kobold hits you with a +0 short sword of venom.
The jelly attacks as you move away! You block the jelly's attack.
There is a stone staircase leading up here.
The jelly attacks as you move away! The jelly barely misses you.
The jelly jiggles.
The jelly attacks as you move away! You block the jelly's attack.
The kobold attacks as you move away! You block the kobold's attack.
The kobold closely misses you. The jelly attacks as you move away!
The jelly hits you.
You are splashed with acid!
* * * LOW HITPOINT WARNING * * *
You hit the jelly. You freeze the jelly.
Your hands burn!
You die...

#....# ......# #......
#...###....#.# #..#...
#....#....... #P.....
##.......... +......
#........## #P.....
##.<....####### ∆#..<...
##.......# #..#####...#..
##.......#####..#.......# .
##.......KJ@........##......
##....###..##.#......#.......
##....##
#..####.#............
##...### #..#
#.#.##.......... ##..###
.......#####......... ##..##
##...### ....###..# #..##
##... ..##.# ..# ..## ###..
.# .##


You could see a jelly and a kobold.

Vanquished Creatures
  3 gnolls (D:2)
  4 adders
  2 dart slugs (D:1)
  7 ball pythons
  5 bats
  5 endoplasms
  3 giant cockroaches
  7 goblins
  3 hobgoblins
  3 jackals (D:2)
  3 quokkas
  4 frilled lizards
  A kobold (D:2)
  3 rats
53 creatures vanquished.

Notes
Turn   | Place    | Note
-------+----------+-------------------------------------------
     0 | D:1      | Reached skill level 10 in Unarmed Combat
     0 | D:1      | Kranky the Gnoll Wanderer began the quest for the Orb.
     0 | D:1      | Kranky set off with the following items: a +0 hand axe, a
                  | scroll of fear, a potion of might, a +0 pair of gloves, a
                  | scroll of teleportation, a +0 leather armour.
     0 | D:1      | Reached XP level 1. HP: 13/13 MP: 1/1
   182 | D:1      | Reached XP level 2. HP: 19/19 MP: 2/2
   361 | D:1      | Found a faded altar of an unknown god.
   471 | D:1      | Reached XP level 3. HP: 21/25 MP: 3/3
   665 | D:1      | Reached skill level 1 in Invocations
   956 | D:2      | Reached skill level 1 in Fighting
   956 | D:2      | Reached skill level 1 in Short Blades
   956 | D:2      | Reached skill level 1 in Long Blades
   956 | D:2      | Reached skill level 1 in Maces & Flails
   956 | D:2      | Reached skill level 1 in Polearms
   956 | D:2      | Reached skill level 1 in Staves
   956 | D:2      | Reached skill level 1 in Ranged Weapons
   956 | D:2      | Reached skill level 1 in Throwing
   956 | D:2      | Reached skill level 1 in Dodging
   956 | D:2      | Reached skill level 1 in Shields
   956 | D:2      | Reached skill level 1 in Spellcasting
   956 | D:2      | Reached skill level 1 in Evocations
  1121 | D:2      | Reached XP level 4. HP: 32/32 MP: 5/5
  1130 | D:2      | Reached skill level 1 in Conjurations
  1130 | D:2      | Reached skill level 1 in Hexes
  1130 | D:2      | Reached skill level 1 in Summonings
  1130 | D:2      | Reached skill level 1 in Necromancy
  1130 | D:2      | Reached skill level 1 in Translocations
  1130 | D:2      | Reached skill level 1 in Transmutations
  1130 | D:2      | Reached skill level 1 in Fire Magic
  1130 | D:2      | Reached skill level 1 in Ice Magic
  1130 | D:2      | Reached skill level 1 in Air Magic
  1130 | D:2      | Reached skill level 1 in Earth Magic
  1130 | D:2      | Reached skill level 1 in Poison Magic
  2173 | D:3      | Found a shimmering blue altar of Sif Muna.
  2295 | D:3      | Reached XP level 5. HP: 36/37 MP: 7/7
  2333 | D:3      | Noticed Sigmund
  2688 | D:3      | Found a runed translucent door.
  2689 | D:3      | Noticed Crazy Yiuf
  2926 | D:4      | Splashed by a jelly's acid

Illustrated notes

Levels and vault maps discovered:
D:1:      dpeg_arrival_ternary, layout_basic, ebering_ecumenical_altar_ruins,
          minmay_tetromino_t4
D:2:      layout_basic
D:3:      layout_loops_ring, fedhas_altar_3, mainiacjoe_overflow_alcove_2,
          amcnicky_mini_pool_small, minmay_misc_feat_five, uniq_sigmund,
          uniq_grinder, uniq_crazy_yiuf_cottage
D:4:      layout_layer_cave, kennysheep_mini_moat, okawaru_metal_pillars_1_2,
          serial_shops, nicolae_diamond_shop, portal_sewer_entry_b,
          minmay_misc_feat_room, cheibrodos_gnoll_hut

Skill      XL: |  1  2  3  4 |
---------------+-------------+-----
Unarmed Combat | | 10.5
Invocations    | 1 |  1.5
Fighting       | 1 |  1.4
Short Blades   | 1 |  1.4
Long Blades    | 1 |  1.4
Maces & Flails | 1 |  1.4
Polearms       | 1 |  1.4
Staves         | 1 |  1.4
Ranged Weapons | 1 |  1.4
Throwing       | 1 |  1.4
Dodging        | 1 |  1.4
Shields        | 1 |  1.4
Spellcasting   | 1 |  1.4
Evocations     | 1 |  1.4
Conjurations   | 1 |  1.1
Hexes          | 1 |  1.1
Summonings     | 1 |  1.1
Necromancy     | 1 |  1.1
Translocations | 1 |  1.1
Transmutations | 1 |  1.1
Fire Magic     | 1 |  1.1
Ice Magic      | 1 |  1.1
Air Magic      | 1 |  1.1
Earth Magic    | 1 |  1.1
Poison Magic   | 1 |  1.1
Axes           | |  4.7
Armour         | |  2.9
Stealth        | |  4.3

Action                   |  1- 3 |  4- 6 || total
-------------------------+-------+-------++-------
Melee: Hand axe          |    73 |    50 ||   123
       Punch             |     6 |     2 ||     8
       Bite              |     2 |     4 ||     6
  Use: Scroll            |       |     7 ||     7
 Stab: Sleeping          |     5 |     6 ||    11
Armor: Leather armour    |    29 |     4 ||    33
       Scale mail        |       |     5 ||     5
Dodge: Dodged            |    42 |    25 ||    67
Block: Other             |       |     5 ||     5
